AoeStats
← GreatPerson25

Black Forest

507639774Analyzed
4v4 RM · 12d ago on Sep 19, 2026· 20m 14s· 8 players
Game mode
Random Map
Map size
Large (8 player)
Population
200
Speed
Normal
Resources
Standard
Victory
Conquest
Starting age
Dark Age
Ending age
Imperial Age
RankedLock teamsTeams togetherTeam positionsShared explorationLock speedFull tech treeHidden civsTurbo modeCheats
Victory
Defeat
🇦🇷 Saracens · Argentina
1371
+19
🇵🇪 Turks · Peru
1335
+20
🇵🇪 Khmer · Peru
1334
+20
🇵🇪 Persians · Peru
1302
+21
🇺🇸 Persians · United States
1441
-20
🇳🇿 Italians · New Zealand
1425
-20
🇨🇳 Cumans · China
1424
-20
🇺🇸 Khmer · United States
1411
-20
Caconero
9:49 Feudal Age
lcastillov22
10:58 Feudal Age
11:26 Double-Bit Axe
15:58 Wheelbarrow
15:29 Horse Collar
16:25 Bloodlines
18:39 Forging
19:38 Scale Barding Armor
VZ | El Perrosor
5:29 Loom
11:30 Feudal Age
14:31 Castle Age
14:07 Double-Bit Axe
14:03 Horse Collar
15:59 Wheelbarrow
theblademaster
0:51 Loom
12:44 Feudal Age
17:04 Castle Age
15:16 Double-Bit Axe
16:58 Man-at-Arms
18:21 Long Swordsman
19:19 Scale Mail Armor
20:34 Chain Mail Armor
GreatPerson25
1:17 Loom
bobross
1:09 Loom
1:14 Loom
11:17 Feudal Age
苏东坡的粉丝
JayJayNico
Connection lost

Rejoining the realm…

Still unreachable

The connection could not be restored.

Session expired

The server has moved on; the page needs a fresh start.